 Dungeon Crawl Stone Soup version 0.30-a0-557-ge2afbf3030 (webtiles) character file.

Game seed: 13144088071947153863

73 greasedhog the Shield-Bearer (level 4, -6/37 HPs)
             Began as a Formicid Fighter on Dec 28, 2022.
             Killed by nerve-wracking pain
             ... invoked by an orc priest
              (11 damage)
             ... on level 3 of the Dungeon.
             The game lasted 00:02:39 (2063 turns).

greasedhog the Shield-Bearer (Formicid Fighter)     Turns: 2063, Time: 00:02:40

Health: -6/37      AC: 11    Str: 22    XL:     4   Next: 51%
Magic:  4/4        EV:  9    Int:  8    God:
Gold:   139        SH:  0    Dex: 13    Spells: 3/3 levels left

rFire   . . .      SeeInvis +    a - +0 trident
rCold   . . .      Faith    .    c - +0 buckler
rNeg    . . .      Spirit   .    b - +0 scale mail
rPois   .          Reflect  .    (helmet unavailable)
rElec   .          Harm     .    (no cloak)
rCorr   .          Rampage  .    (no gloves)
Will    .....                    (no boots) Stlth
                                 (no amulet)
HPRegen 0.26/turn                k - +4 ring of protection
MPRegen 0.09/turn                (no ring)

@: confused
A: permanent stasis, dig shafts and tunnels, antennae 3, four strong arms
a: Dig, Shaft Self


You were on level 3 of the Dungeon.
You visited 1 branch of the dungeon, and saw 3 of its levels.

You collected 139 gold pieces.

Inventory:

Hand Weapons
 a - a +0 trident (weapon)
Missiles
 i - a throwing net
Armour
 b - a +0 scale mail (worn)
 c - a +0 buckler (worn)
Jewellery
 k - a +4 ring of protection (left hand)
 m - a ring of fire
Scrolls
 f - a scroll of vulnerability {unknown}
 g - a scroll of acquirement {unknown}
 h - a scroll of blinking {unknown}
 l - a scroll of immolation {unknown}
Potions
 d - 2 potions of might
 e - 3 potions of brilliance {unknown}
 j - a potion of heal wounds {unknown}
 n - a potion of cancellation {unknown}


   Skills:
 * Level 3.9 Fighting
 * Level 2.8 Polearms
 * Level 3.9 Armour
 * Level 4.8 Shields


You had 3 spell levels left.
You didn't know any spells.
Your spell library contained the following spells:

 Spells                   Type           Power      Damage    Failure   Level
 Manifold Assault         Tloc           0%         N/A       100%        4
 Storm Form               Tmut/Air       0%         N/A       100%        7
 Blink                    Tloc           Unusable   N/A       N/A         2

Dungeon Overview and Level Annotations

Branches:
Dungeon (3/15)

Altars:

Shops:
D:1 (


Innate Abilities, Weirdness & Mutations

You cannot be hasted, slowed, berserked, paralysed or teleported.
You can dig through walls and to a lower floor.
You have a pair of large antennae on your head. (SInv)
Your four strong arms can wield two-handed weapons with a shield.


Message History

The puff of flame hits you but does no damage.
The orc wizard points at you and mumbles some strange words.
You resist with some effort. The orc hits you with a +0 hand axe.
The orc hits you but does no damage.
You hit the orc.
The orc is severely wounded.
The orc barely misses you.
You hit the orc.
The orc is almost dead.
You hear the rusting of a very distant drain.
The orc wizard hits you with a +0 dagger of holy wrath.
The orc priest mumbles some strange prayers to Beogh against you.
Pain shoots through your body! The orc closely misses you.
You hit the orc wizard.
The orc wizard is lightly wounded.
The orc wizard hits you but does no damage.
The orc priest completely misses you.
The orc wizard mumbles some strange words.
The orc wizard flickers and vanishes for a moment.
The orc completely misses you.
You closely miss the orc priest.
The orc priest hits you but does no damage.
The orc wizard hits you but does no damage. x2
The orc hits you but does no damage. The orc wizard completely misses you.
The orc priest hits you with a +0 club.
The orc wizard hits you but does no damage.
The orc barely misses you.
The orc wizard attacks as you move away!
The orc wizard hits you but does no damage.
The orc wizard attacks as you move away!
The orc wizard hits you but does no damage.
The orc priest mumbles some strange prayers to Beogh against you.
You barely resist.
The orc wizard gestures at you while chanting.
The puff of flame hits you!
* * * LOW HITPOINT WARNING * * *
You are too confused!
The orc priest mumbles some strange prayers to Beogh against you.
Pain shoots through your body!
You die...

### ##.## ##...##
##.....##
...######.>.....##
.................######
#######.#...@o.o.(....#
##.##....oo......#
##...##..o######..#
##.###.##.......o...
##.## #.#.#######..o
#..# .#.# #..# #.#
#.#.###....#
#.####.##...# ##


You could see an orc priest, 2 orc wizards and 2 orcs.

Vanquished Creatures
  2 adders
  2 worms
  A dart slug (D:2)
  5 ball pythons
  5 bats
  4 endoplasms
  2 giant cockroaches (D:1)
  3 goblins
  4 hobgoblins
  2 jackals (D:1)
  3 quokkas
  3 frilled lizards (D:1)
  3 kobolds
  5 rats
44 creatures vanquished.

Notes
Turn   | Place    | Note
-------+----------+-------------------------------------------
     0 | D:1      | greasedhog the Formicid Fighter began the quest for the
                  | Orb.
     0 | D:1      | Reached XP level 1. HP: 18/18 MP: 1/1
    28 | D:1      | Found Neink's Antique Weapon Emporium.
   133 | D:1      | Reached XP level 2. HP: 24/24 MP: 2/2
   447 | D:1      | Reached XP level 3. HP: 29/29 MP: 3/3
  1080 | D:2      | Reached XP level 4. HP: 37/37 MP: 4/4
  2063 | D:3      | Killed from afar by an orc priest

Illustrated notes

Levels and vault maps discovered:
D:1:      lemuel_arrival_lava_pool, layout_loops_corners, serial_shops,
          nicolae_shop_temple_entry_statues_fountains, minivault_23
D:2:      layout_loops_corners
D:3:      layout_loops_ring, gup_sewer_entry_spiral

Action                   |  1- 3 |  4- 6 || total
-------------------------+-------+-------++-------
Melee: Trident           |   112 |    55 ||   167
Armor: Scale mail        |    36 |    37 ||    73
Dodge: Dodged            |    35 |    29 ||    64
Block: Buckler           |    24 |    11 ||    35

Table legend: (Time is in decaauts)
 A = Elapsed time spent in this place.
 B = Non-inter-level travel time spent in this place.
 C = Inter-level travel time spent in this place.
 D = Time resting spent in this place.
 E = Time spent auto-exploring this place.
 F = Levels seen in this place.
 G = Mean time per level.
                   A        B        C        D        E       F      G
               +--------+--------+--------+--------+--------+-----+--------+
         Total |   2098 |   2031 |     67 |    101 |   1549 |   3 |  699.3 |
       Dungeon |   2098 |   2031 |     67 |    101 |   1549 |   3 |  699.3 |
               +--------+--------+--------+--------+--------+-----+--------+

Top non-repeatable levels by time:
     D:2: 961 daAuts
     D:1: 929 daAuts
     D:3: 206 daAuts
